 Dungeon Crawl Stone Soup version 0.30.0-29-ga12c61a403 (webtiles) character file.

Game seed: 198019789903189501

274 qw the Chopper (level 6, 0/38 HPs)
             Began as a Gargoyle Fighter on June 3, 2023.
             Slain by a gnoll
             ... wielding a +0 spear
              (2 damage)
             ... on level 4 of the Dungeon.
             The game lasted 00:01:32 (2825 turns).

qw the Chopper (Gargoyle Fighter)                   Turns: 2825, Time: 00:01:33

Health: 0/38       AC: 11    Str: 21    XL:     6   Next: 24%
Magic:  6/6        EV:  9    Int:  9    God:
Gold:   206        SH:  4    Dex:  9    Spells: 5/5 levels left

rFire   . . .        Y - +0 war axe
rCold   . . .        c - +0 buckler
rNeg    + . .        b - +0 scale mail
rPois   inf          (no helmet)
rElec   +            (no cloak)
rCorr   +            (no gloves)
SInv    .            (no boots)
Will    .....        (no amulet) Stlth
                     k - ring of resist corrosion
HPRegen 0.26/turn    (no ring)
MPRegen 0.10/turn

%: no passive effects
@: no status effects
A: sickness immunity, AC +4, negative energy resistance 1, electricity
resistance, torment resistance 1, petrification resistance
a: no special abilities


You were on level 4 of the Dungeon.
You visited 1 branch of the dungeon, and saw 4 of its levels.

You collected 206 gold pieces.


Innate Abilities, Weirdness & Mutations

You are immune to sickness and miasma.
Your stone body is resilient. (AC +4)
You are immune to poison.
You resist negative energy. (rN+)
You are resistant to electric shocks. (rElec)
You are resistant to unholy torment.
You are immune to petrification.


   Skills:
 - Level 4.0 Fighting
 - Level 5.0 Axes
 - Level 1.5 Throwing
 - Level 3.2 Armour
 + Level 0.6 Dodging
 - Level 3.2 Shields


You had 5 spell levels left.
You didn't know any spells.
Your spell library was empty.

Inventory:

Hand Weapons
 e - a +0 whip
 Y - a +0 war axe (weapon)
Missiles
 j - 3 silver boomerangs (quivered)
Armour
 b - a +0 scale mail (worn)
 c - a +0 buckler (worn)
 m - a +0 leather armour of fire resistance
Jewellery
 k - a ring of resist corrosion (left hand)
Scrolls
 a - a scroll of brand weapon {unknown}
 i - 2 scrolls of identify
Potions
 d - 2 potions of might
 f - a potion of magic {unknown}
 g - 2 potions of lignification
 h - a potion of invisibility {unknown}
 l - 3 potions of curing
 n - a potion of attraction {unknown}
 o - a potion of brilliance {unknown}
 q - a potion of heal wounds {unknown}

Dungeon Overview and Level Annotations

Branches:
Dungeon (4/15)
 Temple: D:4-7

Altars:
Nemelex Xobeh
The Shining One

Annotations:
D:4 2 runed translucent doors, qw's ghost, amateur GrFi


Message History

Enter note:
Enter note:
Enter note:
Enter note:
Enter note:
Enter note: You slash the gnoll!
The gnoll is almost dead.
You closely miss the gnoll. The gnoll hits you with a +0 spear.
The gnoll hits you from afar with a +0 halberd.
You block the gnoll's attack.
You hit the gnoll.
You kill the gnoll!
You barely miss the gnoll.
The gnoll hits you from afar with a +0 halberd!
The gnoll barely misses you. The gnoll hits you with a +0 spear.
The gnoll barely misses you.
You slash the gnoll!
The gnoll is almost dead.
The gnoll closely misses you. The gnoll hits you with a +0 spear!
You closely miss the gnoll.
The gnoll is almost dead.
You hear the rapid hiss of an avalanche of sand nearby.
The gnoll barely misses you.
The gnoll hits you from afar with a +0 halberd.
You hit the gnoll but do no damage.
The gnoll is almost dead.
The gnoll hits you with a +0 spear. The gnoll barely misses you.
You block the gnoll's attack. The gnoll hits you but does no damage.
You closely miss the gnoll.
The gnoll is almost dead.
You block the gnoll's attack. The gnoll hits you with a +0 spear.
You barely miss the gnoll.
The gnoll is almost dead.
The gnoll hits you but does no damage. You block the gnoll's attack.
You closely miss the gnoll.
The gnoll is almost dead.
The gnoll barely misses you. The gnoll hits you with a +0 spear.
You die...

....##
########.##.##.#.#
...## #..###..##.#####
##.# ##########.)...##
# .. #
##.............## .# #.
#...............# #
####.##...............#
......g...............#
.###..
......)g).............#
... .#
#.##@..............#
...#.#
#.###...(.........## ..
..# #.# ##..(..#.....##
.##..# #.#
############# .#...#
#.# ####### #..#.# #.#
#.....# ..##<# #.#
#.....# #..#.# #.#
#.....#
##.#.########.###.....#


You could see 2 gnolls.

Vanquished Creatures
  A hound (D:4)
  An iguana (D:4)
  An orc wizard (D:3)
  2 gnolls (D:4)
  8 adders
  2 worms
  A dart slug (D:2)
  5 orcs (D:3)
  5 endoplasms
  2 giant cockroaches
  6 goblins
  9 hobgoblins
  3 jackals (D:3)
  2 quokkas (D:2)
  9 ball pythons
  8 bats
  4 frilled lizards
  4 kobolds
  9 rats
82 creatures vanquished.

Vanquished Creatures (others)
  An orc wizard (D:3)
1 creature vanquished.

Grand Total: 83 creatures vanquished

Notes
Turn   | Place    | Note
-------+----------+-------------------------------------------
     0 | D:1      | qw the Gargoyle Fighter began the quest for the Orb.
     0 | D:1      | Reached XP level 1. HP: 14/14 MP: 1/1
     0 | D:1      | 0 ||| qw: Version: 0.2-a-103-g5a998e5
     0 | D:1      | 0 ||| qw: Game counter: 1106
     0 | D:1      | 0 ||| qw: Always use a shield: true
     0 | D:1      | 0 ||| qw: God list: Okawaru
     0 | D:1      | 0 ||| qw: Allow faded altars: false
     0 | D:1      | 0 ||| qw: Do Orc after D:15 true
     0 | D:1      | 0 ||| qw: Do second Lair branch before Depths: true
     0 | D:1      | 0 ||| qw: Lair rune preference: random
     0 | D:1      | 0 ||| qw: Plans: Normal, Zot:1-4, Slime:5, God:TSO, Crypt,
                  | Tomb, Pan, Hells, Abyss, Win
     0 | D:1      | 0 ||| PLANNING D:1-11
    66 | D:1      | Reached skill level 2 in Axes
   164 | D:1      | Reached XP level 2. HP: 19/19 MP: 2/2
   476 | D:1      | Reached skill level 3 in Axes
   628 | D:1      | 628 ||| UPGRADING to ring of resist corrosion.
   629 | D:1      | 629 ||| READING scroll labelled JELAOT MUMMIW.
   630 | D:1      | 630 ||| READING 2 scrolls labelled OFOIMI SIUX.
   631 | D:1      | 631 ||| DRINKING 2 lumpy cyan potions.
   805 | D:2      | Reached XP level 3. HP: 18/23 MP: 3/3
   925 | D:2      | 925 ||| Stepping ~*~*~tactically~*~*~ (stealth).
  1044 | D:2      | Found a faded altar of an unknown god.
  1075 | D:2      | 1075 ||| Stepping ~*~*~tactically~*~*~ (stealth).
  1078 | D:2      | Reached XP level 4. HP: 28/28 MP: 4/4
  1107 | D:2      | Reached skill level 4 in Axes
  1175 | D:2      | 1175 ||| Stepping ~*~*~tactically~*~*~ (stealth).
  1536 | D:2      | 1536 ||| READING scroll labelled RUREMU PEMARR.
  1537 | D:2      | 1537 ||| READING scroll labelled LEJ HYTIQ WIE.
  1538 | D:2      | 1538 ||| DRINKING 2 sedimented ruby potions.
  1539 | D:2      | 1539 ||| DROPPING potion of flight.
  1662 | D:3      | 1662 ||| Stepping ~*~*~tactically~*~*~ (stealth).
  1685 | D:3      | Reached XP level 5. HP: 22/32 MP: 5/5
  1910 | D:3      | Reached skill level 5 in Axes
  2057 | D:3      | 2057 ||| Stepping ~*~*~tactically~*~*~ (stealth).
  2126 | D:3      | Found a sparkling altar of Nemelex Xobeh.
  2300 | D:3      | 2300 ||| READING scroll labelled QOOJEZ GOBLERE.
  2301 | D:3      | 2301 ||| READING scroll labelled XUVIKEE VEASCH.
  2302 | D:3      | 2302 ||| READING scroll labelled ZIKKICRUNLI.
  2305 | D:3      | 2305 ||| DRINKING 4 inky potions.
  2336 | D:4      | 2336 ||| PLANNING OSSUARY
  2376 | D:4      | Reached skill level 1 in Throwing
  2433 | D:4      | 2433 ||| Stepping ~*~*~tactically~*~*~ (hiding).
  2464 | D:4      | HP: 7/32 [iguana (2)]
  2470 | D:4      | Reached XP level 6. HP: 11/38 MP: 6/6
  2575 | D:4      | Found a large runed translucent door.
  2576 | D:4      | Found a large runed translucent door.
  2577 | D:4      | Noticed qw's ghost (amateur GrFi)
  2636 | D:4      | 2636 ||| Stepping ~*~*~tactically~*~*~ (stealth).
  2638 | D:4      | 2638 ||| Stepping ~*~*~tactically~*~*~ (stealth).
  2781 | D:4      | Found a glowing golden altar of the Shining One.
  2821 | D:4      | HP: 8/38 [gnoll/+0 halberd (5)]
  2822 | D:4      | HP: 3/38 [gnoll/+0 spear (5)]
  2823 | D:4      | HP: 1/38 [gnoll/+0 spear (2)]
  2825 | D:4      | Slain by a gnoll

Levels and vault maps discovered:
D:1:      dpeg_arrival_rhombus, layout_basic, grunt_decor_clamped
D:2:      layout_basic, shapermc_ecumenical_altar_mp_urbaneastern,
          corexii_item_surrounded_by_moat
D:3:      minmay_angry_zag, layout_basic, nemelex_altar_shiori,
          chequers_serial_rivers_large_a
D:4:      wad_crossroads, layout_rooms, marbit_many_paths,
          ebering_ghost_disaster_area, nicolae_ossuary_entry_giza

Skill      XL: |  1  2  3  4  5  6 |
---------------+-------------------+-----
Axes           | 2 3 4 5 |  5.0
Throwing       | 1 |  1.5
Fighting       | 4 |  4.0
Armour         | |  3.2
Dodging        | |  0.6
Shields        | |  3.2

Action                     |  1- 3 |  4- 6 || total
---------------------------+-------+-------++-------
  Melee: War axe           |    89 |   148 ||   237
  Throw: Boomerang         |    29 |    64 ||    93
    Use: Scroll            |     2 |     5 ||     7
         Potion            |     1 |     2 ||     3
 Armour: Scale mail        |    62 |    88 ||   150
  Dodge: Dodged            |    39 |    75 ||   114
  Block: Buckler           |    23 |    25 ||    48

Table legend:
 A = Non-vault XP
 B = Vault XP
 C = Vault XP percentage of total XP
 D = Non-vault monster count
 E = Vault monster count
 F = Vault count percentage of total count
                 A         B        C        D         E       F
            +---------+---------+-------+---------+---------+-------
      Total |     365 |      27 |   6.9 |      76 |       7 |   8.4
            +---------+---------+-------+---------+---------+-------
        D:1 |      31 |       0 |   0.0 |      20 |       0 |   0.0
        D:2 |      95 |       0 |   0.0 |      21 |       0 |   0.0
        D:3 |     111 |      11 |   9.0 |      22 |       5 |  18.5
        D:4 |     128 |      16 |  11.1 |      13 |       2 |  13.3
            +---------+---------+-------+---------+---------+-------
